 Dungeon Crawl Stone Soup version 0.21.1-1-g345015f (webtiles) character file.

55 Fang the Skirmisher (level 3, -1/24 HPs)
             Began as a Gargoyle Berserker on June 4, 2018.
             Was a Believer of Trog.
             Slain by a crimson imp (2 damage)
             ... on level 3 of the Dungeon.
             The game lasted 00:01:24 (1515 turns).

Fang the Skirmisher (Gargoyle Berserker)            Turns: 1515, Time: 00:01:25

Health: -1/24      AC:  5    Str: 21    XL:     3   Next: 93%
Magic:  3/3        EV: 12    Int:  7    God:    Trog [**....]
Gold:   109        SH:  0    Dex:  9    Spells: 2/2 levels left

rFire    . . .     SeeInvis .   a - +0 hand axe
rCold    . . .     Gourm    .   (no shield)
rNeg     + . .     Faith    .   b - +0 animal skin
rPois    ∞         Spirit   .   (no helmet)
rElec    +         Reflect  .   (no cloak)
rCorr    .         Harm     .   (no gloves)
MR       .....                  (no boots)
Stlth    +.........             (no amulet)
HPRegen  0.08/turn              (no ring)
MPRegen  0.08/turn              (no ring)

@: no status effects
A: negative energy resistance 1, electricity resistance, unbreathing,
petrification resistance, rot immunity, AC +3
a: Berserk, Trog's Hand, Burn Spellbooks, Renounce Religion


You were on level 3 of the Dungeon.
You worshipped Trog.
Trog was pleased with you.
You were very hungry.

You visited 1 branch of the dungeon, and saw 3 of its levels.

You collected 109 gold pieces.

Inventory:

Hand Weapons
 a - a +0 hand axe (weapon)
Armour
 b - a +0 animal skin (worn)
Scrolls
 d - 2 scrolls of noise {unknown}
 e - a scroll of blinking {unknown}
 f - 3 scrolls of identify {unknown}
 g - 2 scrolls of fog {unknown}
 h - a scroll of immolation {unknown}
 k - a scroll of remove curse {unknown}
Potions
 i - 2 potions of ambrosia {unknown}
 j - a potion of might {unknown}
 l - a potion of resistance {unknown}
 m - a potion of mutation {unknown}
Comestibles
 c - 4 rations


   Skills:
 + Level 4.0 Fighting
 + Level 3.3 Axes
 + Level 2.3 Armour
 + Level 2.1 Dodging


You had 2 spell levels left.
You didn't know any spells.

Dungeon Overview and Level Annotations

Branches:
Dungeon (3/15)

Altars:
Okawaru


Innate Abilities, Weirdness & Mutations

You are resistant to torment.
Your stone body is resilient. (AC +3)
You are immune to poison.
You resist negative energy. (rN+)
You are resistant to electric shocks. (rElec)
You can survive without breathing.
You are immune to petrification.
You are immune to rotting.


Message History

You closely miss the crimson imp.
The crimson imp is lightly wounded.
The crimson imp closely misses you. x2
You hit the crimson imp.
The crimson imp is lightly wounded.
The crimson imp hits you but does no damage.
You closely miss the crimson imp.
The crimson imp hits you but does no damage.
You barely miss the crimson imp. The crimson imp hits you.
* * * LOW HITPOINT WARNING * * *
You barely miss the crimson imp. The crimson imp closely misses you.
You closely miss the crimson imp. The crimson imp closely misses you.
You hit the crimson imp but do no damage.
You are feeling very hungry.
The crimson imp closely misses you.
You barely miss the crimson imp. The crimson imp hits you.
* * * LOW HITPOINT WARNING * * *
You miss the crimson imp. The crimson imp completely misses you.
The crimson imp hits you.
You die...

#.....#
#[....#
###.###
#.# #.#
#.#
###.#
#...#
#@###
#5# #.#
#.# #.#
#.# #.#
..#


You could see a crimson imp.

Vanquished Creatures
  An adder (D:2)
  A dart slug (D:2)
  4 leopard geckos
  6 bats
  A giant cockroach (D:2)
  6 goblins
  5 hobgoblins
  A ball python (D:2)
  3 frilled lizards
  6 kobolds
  6 rats
40 creatures vanquished.

Notes
Turn   | Place    | Note
-------+----------+-------------------------------------------
     0 | D:1      | Fang the Gargoyle Berserker began the quest for the Orb.
     0 | D:1      | Reached XP level 1. HP: 14/14 MP: 1/1
   279 | D:1      | Reached XP level 2. HP: 19/19 MP: 2/2
  1004 | D:2      | Reached XP level 3. HP: 24/24 MP: 3/3
  1071 | D:2      | Reached skill level 4 in Fighting
  1176 | D:2      | Reached ** piety under Trog
  1376 | D:2      | Found an iron altar of Okawaru.
  1514 | D:3      | HP: 1/24 [crimson imp (3)]
  1515 | D:3      | Slain by a crimson imp

Skill      XL: |  1  2  3 |
---------------+----------+-----
Axes           | 3 |  3.3
Dodging        | 2 |  2.1
Fighting       | 4 |  4.0
Armour         | |  2.3

Action                   || total
-------------------------++-------
Melee: Hand axe          ||   195
Invok: Berserk           ||     1
  Eat: Chunk             ||     2
Armor: Animal skin       ||    87
Dodge: Dodged            ||   161
